 Dungeon Crawl Stone Soup version 0.20.1-1-g8b1a95d (webtiles) character file.

53316 Devour the Fighter (level 14, -4/129 HPs)
             Began as a Minotaur Fighter on Sept 21, 2017.
             Was the Champion of Makhleb.
             Slain by a spriggan rider
             ... wielding a +3 spear
              (19 damage)
             ... on level 6 of the Lair of Beasts.
             The game lasted 00:50:46 (16009 turns).

Devour the Fighter (Minotaur Fighter)              Turns: 16009, Time: 00:50:47

Health: -4/129     AC: 26    Str: 32    XL:     14   Next: 30%
Magic:  9/9        EV: 14    Int:  7    God:    Makhleb [******]
Gold:   1193       SH:  0    Dex:  9    Spells: 13/13 levels left

rFire    . . .     SeeInvis .   B - +3 trident (antimagic)
rCold    + . .     Gourm    .   (no shield)
rNeg     . . .     Faith    +   F - +2 plate armour {rC+}
rPois    +         Spirit   .   (helmet restricted)
rElec    +         Reflect  .   E - +4 cloak of Feiroet {*Corrode rPois MP+9 Str+5}
rCorr    .         Harm     .   c - +0 pair of gloves
MR       +....                  w - +0 pair of boots
Stlth    ..........             t - amulet of faith
Regen    0.4/turn               o - ring of loudness
MPRegen  0.2/turn               u - +1 ring of evasion

@: drained
A: retaliatory headbutt, horns 2, blink, clever 1, sense surroundings 1, poison
resistance, screaming 1, electricity resistance
a: Blink, Minor Destruction, Lesser Servant of Makhleb, Major Destruction,
Greater Servant of Makhleb, Renounce Religion


You were on level 6 of the Lair of Beasts.
You worshipped Makhleb.
Makhleb was exalted by your worship.
You were not hungry.

You visited 3 branches of the dungeon, and saw 20 of its levels.
You visited the Abyss 1 time.

You collected 1193 gold pieces.

Inventory:

Hand Weapons
 a - a +0 war axe
 B - a +3 antimagic trident (weapon)
 M - a +3 hand axe
 R - the +1 battleaxe "Omiones" {chop, MR++ SInv}
   (You took it off a tengu conjurer on level 13 of the Dungeon)

   It inflicts extra damage upon your enemies.
   It affects your resistance to hostile enchantments.
   It lets you see invisible.
Armour
 c - a +0 pair of gloves (worn)
 d - a +2 shield
 w - a +0 pair of boots (worn)
 E - the +4 cloak of Feiroet (worn) {*Corrode rPois MP+9 Str+5}
   (You found it on level 5 of the Dungeon)

   It affects your strength (+5).
   It protects you from poison.
   It affects your magic capacity (+9).
   It may corrode you when you take damage.
 F - a +2 plate armour of cold resistance (worn)
Jewellery
 b - an uncursed amulet of regeneration
 k - an uncursed ring of positive energy
 o - a ring of loudness (left hand)
 t - an amulet of faith (around neck)
 u - a +1 ring of evasion (right hand)
 z - an uncursed ring of stealth
 K - an uncursed ring of see invisible
Wands
 D - a wand of flame (23/48)
 I - a wand of digging (7/24)
 N - a wand of acid (10/15)
 P - a wand of flame (17/48)
 U - a wand of lightning (6/15)
Scrolls
 l - 3 scrolls of recharging
 m - 7 scrolls of remove curse
 q - 4 scrolls of magic mapping
 r - 4 scrolls of fog
 v - 10 scrolls of teleportation
 x - 7 scrolls of immolation
 y - 11 scrolls of identify
 C - a scroll of blinking
 G - 3 scrolls of amnesia
 H - a scroll of brand weapon
 T - 2 scrolls of enchant weapon
 V - a scroll of random uselessness {unknown}
 X - a scroll of holy word {unknown}
 Z - 2 scrolls of noise {unknown}
Potions
 e - a potion of heal wounds
 i - 4 potions of haste
 j - 11 potions of curing
 p - 4 potions of mutation
 s - 4 potions of lignification
 A - a potion of magic
 J - 9 potions of brilliance
 L - a potion of berserk rage
 Q - a potion of resistance
 S - a potion of might
 W - 2 potions of flight
Comestibles
 f - 17 bread rations
 g - 5 meat rations
 h - 10 fruits
 n - 3 royal jellies


   Skills:
 + Level 13.6(12.2) Fighting
 + Level 13.4(12.0) Axes
 + Level 13.5(12.2) Armour
 + Level 11.9(10.6) Dodging
 - Level 10.0(8.8) Shields
 + Level 9.4(8.2) Invocations


You had 13 spell levels left.
You didn't know any spells.

Dungeon Overview and Level Annotations

Branches:
Dungeon (13/15)            Temple (1/1) D:6            Lair (6/6) D:9
  Swamp (0/4) Lair:4       Spider (0/4) Lair:4        Slime (0/5) Lair:6
    Orc (0/2) D:10         Vaults (0/5) D:13

Altars:
Ashenzari
Cheibriados
Dithmenos
Elyvilon
Fedhas
Gozag
Hepliaklqana
Kikubaaqudgha
Makhleb
Nemelex Xobeh
Okawaru
Qazlal
Ru
Sif Muna
Trog
Uskayaw
Vehumet
Xom
Yredelemnul
Zin
The Shining One
Jiyva

Shops:
D:5 [   D:12 :=((

Portals:
Labyrinth: Lair:1

Annotations:
Lair:1 exclusion: oklob plant


Innate Abilities, Weirdness & Mutations

You reflexively headbutt those who attack you in melee.
You have a pair of horns on your head.
You can translocate small distances at will.
Your mind is acute. (Int +2)
You passively map a small area around you.
Your system is resistant to poisons. (rPois)
You occasionally shout uncontrollably at your foes.
You are resistant to electric shocks. (rElec)


Message History

Press: ? - help, Dir - move target cursor, f/p - spriggan rider
Aim: a spriggan rider, wielding an enchanted spear (severely wounded)
You reach to attack!
You puncture the spriggan rider!
The spriggan rider is severely wounded.
The spriggan hits you but does no damage.
Attack whom?
Press: ? - help, Dir - move target cursor, f/p - spriggan rider
Aim: a spriggan rider, wielding an enchanted spear (severely wounded)
The spriggan is in the way.
You closely miss the spriggan. Your headbutt misses the spriggan.
The spriggan is severely wounded.
The spriggan rider completely misses you.
The spriggan misses you. You furiously retaliate!
You headbutt the spriggan!
Attack whom?
Press: ? - help, Dir - move target cursor, f/p - spriggan rider
Aim: a spriggan rider, wielding an enchanted spear (severely wounded)
You reach to attack!
You puncture the spriggan rider!
The spriggan rider is almost dead.
The spriggan rider hits you from afar with an enchanted spear!!
You die...

#..P.......# #...... *##.....###
###..... ###..P## #.......
#....P# ###....... ####....##
##P.##}.... ###.##.....#
#.......... #........#.#
###<......... ..........## ###
##............ .........P#
#@###.............
....(.....#######it#.............
..........##.##h.i.............P.
.........P#..iii........#####...<
........P.........##...## #...
##.#.P....(..##PP#.##..######*...
#####..)...P########..'._..# .#
##.....#.## ##.##.>.# #
#.......## ##.##...# ,


You could see a spriggan rider, a crocodile and a spriggan.

Vanquished Creatures
  Kirke (D:11)
  The ghost of SteelSafe the Severer, a journeyman MiBe of Trog (D:10)
  8 vault guards
  Erolcha (D:13)
  4 hydras
  Erica (Lair:1)
  A centaur warrior (D:13)
  A catoblepas (Lair:6)
  A tengu warrior (D:13)
  A fire crab (Lair:6)
  An unseen horror (D:10)
  Pikel (D:8)
  4 ugly things (D:11)
  A phantasmal warrior (Abyss:1)
  A large abomination (Abyss:1)
  Maurice (D:8)
  8 elephants
  3 black mambas
  Joseph (D:8)
  2 gargoyles
  11 spiny frogs
  5 komodo dragons
  A tengu conjurer (D:13)
  2 polar bears (Lair:6)
  2 hornets
  3 trolls
  A jumping spider (Lair:4)
  2 raiju (Abyss:1)
  9 blink frogs
  A dream sheep (Lair:6)
  13 hippogriffs
  A vampire (D:13)
  A redback (Lair:4)
  A shadow (D:13)
  Sigmund (D:3)
  Eustachio (D:4)
  A hog (shapeshifter) (D:13)
  A wraith (D:13)
  6 spriggans
  2 wyverns (D:13)
  5 hogs (D:12)
  2 basilisks (Lair:6)
  37 yaks
  A chaos spawn (D:13)
  3 hungry ghosts
  Menkaure (D:4)
  A soldier ant (D:13)
  Edmund (D:4)
  An acid dragon (D:12)
  10 water moccasins
  7 porcupines
  4 ice beasts
  7 orc warriors
  4 black bears
  5 sky beasts
  A necrophage (D:13)
  2 boggarts (Lair:6)
  13 wolves
  3 ogres
  5 centaurs
  A small abomination (Abyss:1)
  6 crocodiles
  A big kobold (D:11)
  Blork the orc (D:4)
  A gnoll sergeant (D:9)
  12 bullfrogs
  2 wyvern zombies (D:13)
  A scorpion (D:5)
  A water moccasin skeleton (D:3)
  2 killer bees (D:11)
  3 wights (D:10)
  7 howler monkeys
  4 crimson imps
  2 quasits
  A bullfrog zombie (D:9)
  4 centaur skeletons
  A gnoll shaman (D:7)
  6 orc priests
  3 jellies
  2 bullfrog skeletons (D:13)
  Ijyb (D:3)
  Natasha (D:3)
  12 worker ants
  5 iguanas
  11 orc wizards
  2 hound zombies
  2 worker ant zombies
  9 gnolls
  12 adders
  4 shadow imps
  3 oozes
  A worm (D:2)
  A dart slug (D:1)
  3 leopard geckos
  38 orcs
  2 giant cockroaches
  9 goblins
  12 hobgoblins
  13 jackals
  5 quokkas
  A ball python (D:2)
  5 bats
  7 frilled lizards
  A giant cockroach zombie (D:6)
  A jackal skeleton (D:8)
  11 kobolds
  A leopard gecko skeleton (D:5)
  A quokka skeleton (D:8)
  5 rats
  2 fungi (Lair:2)
  3 plants
466 creatures vanquished.

Vanquished Creatures (others)
  A slave (D:8)
  A centaur (D:12)
  2 killer bees (D:11)
  11 fungi
  3 plants
18 creatures vanquished.

Grand Total: 484 creatures vanquished

Notes
Turn   | Place    | Note
-------+----------+-------------------------------------------
     0 | D:1      | Devour the Minotaur Fighter began the quest for the Orb.
     0 | D:1      | Reached XP level 1. HP: 19/19 MP: 0/0
   163 | D:1      | Reached XP level 2. HP: 27/27 MP: 1/1
   889 | D:2      | Reached XP level 3. HP: 33/33 MP: 2/2
  1005 | D:2      | Reached skill level 1 in Dodging
  1357 | D:3      | Reached XP level 4. HP: 36/40 MP: 3/3
  1526 | D:3      | Noticed Sigmund
  1551 | D:3      | Killed Sigmund
  1551 | D:3      | Reached XP level 5. HP: 19/47 MP: 4/4
  1574 | D:3      | Noticed Ijyb
  1689 | D:3      | Killed Ijyb
  1689 | D:3      | Reached XP level 6. HP: 46/55 MP: 5/5
  1762 | D:3      | Reached skill level 5 in Shields
  1961 | D:3      | Reached skill level 5 in Fighting
  1961 | D:3      | Reached skill level 5 in Armour
  2008 | D:3      | Noticed Natasha
  2017 | D:3      | Killed Natasha
  2132 | D:4      | Reached XP level 7. HP: 47/61 MP: 6/6
  2186 | D:4      | Noticed Edmund
  2191 | D:4      | Noticed Eustachio
  2208 | D:4      | Killed Eustachio
  2208 | D:4      | Reached skill level 5 in Axes
  2209 | D:4      | Killed Edmund
  2518 | D:4      | Noticed Menkaure
  2524 | D:4      | Killed Menkaure
  2582 | D:4      | Reached XP level 8. HP: 70/70 MP: 7/7
  2636 | D:4      | Noticed Blork the orc
  2648 | D:4      | Killed Blork the orc
  2859 | D:5      | Entered Level 5 of the Dungeon
  2890 | D:5      | Found Ykuhor's Antique Armour Shoppe.
  2899 | D:5      | Got a brightly glowing cloak
  2905 | D:5      | Identified the +4 cloak of Feiroet {*Corrode rPois MP+9 Str+5} (You found it on level 5 of the Dungeon)
  3497 | D:5      | Gained mutation: You are agile. (Dex +2) [mutagenic meat]
  3498 | D:5      | Gained mutation: You are resistant to electric shocks. (rElec) [mutagenic meat]
  3554 | D:5      | Gained mutation: You are weak. (Str -2) [mutagenic meat]
  3555 | D:5      | Gained mutation: You can translocate small distances at will. [mutagenic meat]
  3956 | D:6      | Found a staircase to the Ecumenical Temple.
  3965 | Temple   | Entered the Ecumenical Temple
  4015 | Temple   | Became a worshipper of Makhleb the Destroyer
  4106 | D:6      | Reached skill level 5 in Dodging
  4689 | D:7      | Reached XP level 9. HP: 79/79 MP: 8/8
  4695 | D:7      | Gained mutation: You have a pair of large horns on your head. [mutagenic meat]
  4697 | D:7      | Gained mutation: Potions are less effective at restoring your health. [mutagenic meat]
  4804 | D:7      | Lost mutation: You are weak. (Str -2) [mutagenic meat]
  4806 | D:7      | Gained mutation: You passively map a small area around you. [mutagenic meat]
  4807 | D:7      | Gained mutation: You have sharp toenails. [mutagenic meat]
  4808 | D:7      | Gained mutation: Your body sometimes deteriorates upon taking damage. [mutagenic meat]
  4809 | D:7      | Lost mutation: You are agile. (Dex +2) [mutagenic meat]
  4834 | D:7      | Reached * piety under Makhleb
  5550 | D:8      | Noticed Joseph
  5567 | D:8      | Killed Joseph
  5577 | D:8      | Noticed Maurice
  5593 | D:8      | Killed Maurice
  5597 | D:8      | Reached ** piety under Makhleb
  5747 | D:8      | Found an ancient bone altar of Kikubaaqudgha.
  5781 | D:8      | Reached XP level 10. HP: 77/90 MP: 9/9
  5828 | D:8      | Noticed Pikel
  5835 | D:8      | Killed Pikel
  5835 | D:8      | Reached skill level 1 in Invocations
  6512 | D:9      | Reached *** piety under Makhleb
  6519 | D:9      | Lost mutation: You have a pair of large horns on your head. [potion of mutation]
  6519 | D:9      | Lost mutation: Your body sometimes deteriorates upon taking damage. [potion of mutation]
  6519 | D:9      | Lost mutation: Potions are less effective at restoring your health. [potion of mutation]
  6519 | D:9      | Lost mutation: You have sharp toenails. [potion of mutation]
  6519 | D:9      | Gained mutation: Your system is resistant to poisons. (rPois) [potion of mutation]
  6519 | D:9      | Gained mutation: You occasionally shout uncontrollably at your foes. [potion of mutation]
  6519 | D:9      | Gained mutation: Your mind is acute. (Int +2) [potion of mutation]
  6708 | D:9      | Found a staircase to the Lair.
  6780 | D:10     | Entered Level 10 of the Dungeon
  7034 | D:10     | Noticed an unseen horror
  7056 | D:10     | Killed an unseen horror
  7211 | D:10     | Reached XP level 11. HP: 87/97 MP: 12/12
  7275 | D:10     | Found a staircase to the Orcish Mines.
  7352 | D:10     | Noticed SteelSafe's ghost (journeyman MiBe)
  7410 | D:10     | Killed SteelSafe's ghost
  7410 | D:10     | Reached **** piety under Makhleb
  7773 | D:11     | Noticed a brown ugly thing
  7790 | D:11     | Killed a brown ugly thing
  7790 | D:11     | Reached skill level 10 in Shields
  7822 | D:11     | Reached skill level 10 in Armour
  8057 | D:11     | Reached skill level 10 in Fighting
  8122 | D:11     | Noticed a green ugly thing
  8131 | D:11     | Killed a green ugly thing
  8411 | D:11     | Noticed a brown ugly thing
  8414 | D:11     | Noticed a white ugly thing
  8443 | D:11     | Killed a green ugly thing
  8443 | D:11     | Reached skill level 10 in Axes
  8451 | D:11     | Killed a white ugly thing
  8753 | D:12     | Noticed Kirke
  8763 | D:12     | Reached ***** piety under Makhleb
  8872 | D:11     | Noticed a lindwurm
  8915 | D:11     | Noticed a lindwurm
  8920 | D:11     | Noticed a lindwurm
  8930 | D:11     | Noticed a harpy
  8934 | D:11     | Killed Kirke
  8934 | D:11     | Reached skill level 5 in Invocations
  9234 | D:12     | Reached XP level 12. HP: 108/108 MP: 15/15
  9264 | D:12     | Found Adyrch's Jewellery Boutique.
  9439 | D:12     | Found Sourphouv's Weapon Boutique.
  9447 | D:12     | Noticed a four-headed hydra
  9455 | D:12     | Killed a four-headed hydra
  9456 | D:12     | Found Zeobleve's Antique Weapon Boutique.
  9509 | D:12     | Found Jetopuq's Book Shop.
  9918 | D:13     | Noticed a vault guard
  9918 | D:13     | Noticed a vault guard
  9919 | D:13     | Noticed a vault guard
  9919 | D:13     | Found a gate to the Vaults.
  9919 | D:13     | Noticed a vault guard
  9919 | D:13     | Noticed a vault guard
  9919 | D:13     | Noticed a vault guard
  9920 | D:13     | Noticed a vault guard
  9922 | D:13     | Noticed a vault guard
  9943 | D:12     | Killed a vault guard
  9995 | D:13     | Noticed Erolcha
  9996 | D:13     | Cast into level 1 of the Abyss (Erolcha)
 10164 | Abyss:1  | Noticed a bone dragon
 10202 | Abyss:1  | Noticed a rakshasa
 10206 | D:13     | Escaped the Abyss
 10239 | D:13     | Killed Erolcha
 10361 | D:13     | Noticed a centaur warrior
 10374 | D:13     | Killed a centaur warrior
 10463 | D:13     | Killed a vault guard
 10505 | D:13     | Killed a vault guard
 10505 | D:13     | Reached skill level 10 in Dodging
 10527 | D:13     | Killed a vault guard
 10540 | D:13     | Killed a vault guard
 10628 | D:13     | Killed a vault guard
 10649 | D:13     | Killed a vault guard
 10673 | D:13     | Noticed a tengu warrior
 10736 | D:13     | Killed a vault guard
 10736 | D:13     | Reached XP level 13. HP: 118/118 MP: 17/17
 10762 | D:13     | Got an encrusted battleaxe {chop}
 10768 | D:13     | Identified the cursed +1 battleaxe "Omiones" {chop, MR++ SInv} (You took it off a tengu conjurer on level 13 of the Dungeon)
 11127 | Lair:1   | Entered Level 1 of the Lair of Beasts
 11279 | Lair:1   | Found a labyrinth entrance.
 11316 | Lair:1   | Noticed Erica
 11334 | Lair:1   | Killed Erica
 12204 | Lair:2   | Reached ****** piety under Makhleb
 13729 | Lair:4   | Found a hole to the Spider Nest.
 14022 | Lair:4   | Found a staircase to the Swamp.
 15316 | Lair:6   | Entered Level 6 of the Lair of Beasts
 15345 | Lair:6   | Found a viscous altar of Jiyva.
 15345 | Lair:6   | Found a staircase to the Slime Pits.
 15412 | Lair:6   | Reached XP level 14. HP: 124/129 MP: 19/19
 15964 | Lair:6   | Paralysed by a hornet for 3 turns
 16009 | Lair:6   | Slain by a spriggan rider

Skill      XL: |  1  2  3  4  5  6  7  8  9 10 11 12 13 |
---------------+----------------------------------------+-----
Fighting       | 4 5 6 7 8 9 10 12 13 | 13.6
Shields        | 4 5 6 7 8 9 10 | 10.0
Armour         | 4 5 6 7 8 9 10 12 13 | 13.5
Dodging        | 1 2 3 4 5 6 7 9 10 11 | 11.9
Axes           | 3 4 5 6 8 9 10 11 13 | 13.4
Invocations    | 3 5 7 9 |  9.4

Action                   |  1- 3 |  4- 6 |  7- 9 | 10-12 | 13-15 || total
-------------------------+-------+-------+-------+-------+-------++-------
Melee: War axe           |    88 |    96 |   280 |     7 |       ||   471
       Headbutt          |    10 |    21 |    52 |   234 |    90 ||   407
       Hand axe          |       |       |       |   719 |    17 ||   736
       Unarmed           |       |       |       |     4 |       ||     4
       Trident           |       |       |       |   132 |    47 ||   179
       Battleaxe         |       |       |       |       |   377 ||   377
Invok: Major Destruction |       |       |       |     1 |     1 ||     2
  Use: Potion            |       |     2 |     1 |     3 |     1 ||     7
       Scroll            |       |     3 |     2 |    11 |    12 ||    28
 Stab: Invisible         |       |       |     4 |       |       ||     4
       Petrified         |       |       |       |       |     1 ||     1
  Eat: Chunk             |     1 |     3 |    24 |    16 |    12 ||    56
       Royal jelly       |       |       |     1 |     3 |       ||     4
       Meat ration       |       |       |       |     2 |     1 ||     3
       Fruit             |       |       |       |     3 |       ||     3
Armor: Scale mail        |    33 |    39 |   124 |       |       ||   196
       Plate armour      |       |       |     2 |   272 |   362 ||   636
Dodge: Dodged            |    23 |    27 |   159 |   256 |   369 ||   834
Block: Shield            |    49 |    36 |   194 |   505 |    17 ||   801
